 Dungeon Sprint DCSS version 0.31-a0-18-gea43df2a32 (webtiles) character file.

Game seed: 6064693872005467867

7306 sircluck the Brawler (level 10, -17/114 HPs)
             Began as a Troll Berserker on May 11, 2023.
             Was a High Priest of Trog.
             Shot with an arrow by a centaur warrior (20 damage)
             ... in the Dungeon (Sprint II: "The Violet Keep of Menkaure").
             The game lasted 00:04:10 (577 turns).

sircluck the Brawler (Troll Berserker)               Turns: 577, Time: 00:04:11

Health: -17/114    AC:  4    Str: 31    XL:     10   Next: 90%
Magic:  9/9        EV: 13    Int:  3    God:    Trog [*****.]
Gold:   480        SH:  0    Dex:  9    Spells: 9/9 levels left

rFire   . .          .
                       - Unarmed
rCold   . . .        (no shield)
rNeg    . . .        a - +0 animal skin
rPois   .            (helmet restricted)
rElec   .            (no cloak)
rCorr   .            (gloves unavailable)
SInv    .            (boots unavailable)
Will    .....        i - amulet of regeneration
Stlth   ++           h - ring of flight
HPRegen 1.99/turn    (no ring)
MPRegen 0.11/turn

%: no teleportation
@: flying
A: large, unfitting armour, claws 3, regeneration 1, shaggy fur 1, tough skin 1
a: Renounce Religion, Berserk, Trog's Hand, Brothers in Arms


You were in the Dungeon.
You worshipped Trog.
Trog was extremely pleased with you.
You visited 1 branch You collected 972 gold pieces.
You spent 492 gold pieces at shops.

Inventory:

Armour
 a - a +0 animal skin (worn)
Jewellery
 h - a ring of flight (left claw)
 i - an amulet of regeneration (around neck)
Potions
 d - a potion of haste
 e - 2 potions of magic
 f - a potion of berserk rage


   Skills:
 + Level 11.5 Fighting
 + Level 11.5 Dodging
 + Level 1.8 Stealth
 + Level 18.7 Unarmed Combat


You had 9 spell levels left.
You didn't know any spells.
Your spell library was empty.

Dungeon Overview and Level Annotations

Branches:
Dungeon (1/1)

Altars:

Shops:
D !*:*?=[:=[(!(:?

Annotations:
D exclusion: oklob plant


Innate Abilities, Weirdness & Mutations

You are too large for most types of armour.
You have claws for hands.
Your natural rate of healing is unusually fast.
You are covered in fur. (AC +1)
You have tough skin. (AC +1)


Message History

You start resting.
You recover from your berserk rage.
Really fly into a travel-excluded area? [Y]es or [N]o only, please.
Really fly into a travel-excluded area? [Y]es or [N]o only, please.
Really fly into a travel-excluded area?
You are engulfed in dark miasma.
You are poisoned.
You feel extremely sick.
You are engulfed in dark miasma.
You are more poisoned.
You feel yourself slow down.
You feel extremely sick.
You reach down and close the gate.
You feel extremely sick.
You feel extremely sick.
You feel very sick.
You feel very sick.
A centaur warrior comes into view.
You feel very sick.
The centaur warrior wields a +0 longbow.
The centaur warrior shoots an arrow.
The arrow barely misses you.
The centaur warrior shoots an arrow.
The arrow closely misses you.
You feel sick.
The centaur warrior shoots an arrow.
The arrow hits you!!
The centaur warrior shoots an arrow.
The arrow barely misses you.
You feel better.
The centaur warrior shoots an arrow.
The arrow closely misses you.
The centaur warrior shoots an arrow.
The arrow hits you!!
Your iron troll goes berserk!
The centaur warrior shoots an arrow.
The arrow hits you!!
* * * LOW HITPOINT WARNING * * *
The centaur warrior shoots an arrow.
The arrow hits you!!
* * * LOW HITPOINT WARNING * * *
You feel better.
You feel yourself speed up.
The centaur warrior shoots an arrow.
The arrow hits you!
* * * LOW HITPOINT WARNING * * *
The centaur warrior shoots an arrow.
The arrow hits you!!
You die...

####+#### ##.......##
###.........## ##
'...°○§.....# ...####..°°.....
...~##°°°.○.○#
############~~#+++#+++##
###########~~@.........#
##........#~~~~.##+##..#
##....⌠...#~~~~##...##.####
##...∩.∩..#~~~T#..#..#....#
##..∩.∩.∩.#~~####.#÷####..##
##...∩.∩.∩#~##.###÷###.##..#
##∩.∩...∩.#c#..###.##.#.#..#
##.∩.....∩'K'##.'.<.+###'..#
##∩.......#~#..###.##)#)#..§.#


You could see a centaur warrior (ally target), a kobold demonologist and a
friendly iron troll (summoned, berserk).

Vanquished Creatures
  Kirke (D)
  A yaktaur captain (D)
  A fire dragon (D)
  2 boulder beetles (D)
  A skeletal warrior (D)
  An elephant (D)
  A blink frog (D)
  12 flying skulls (D)
  2 wyverns (D)
  Menkaure (D)
  4 scorpions (D)
  4 necrophages (D)
31 creatures vanquished.

Vanquished Creatures (others)
  A water moccasin (D)
1 creature vanquished.

Grand Total: 32 creatures vanquished

Notes
Turn   | Place    | Note
-------+----------+-------------------------------------------
     0 | D        | sircluck the Troll Berserker began the quest for the Orb.
     0 | D        | Reached XP level 1. HP: 22/22 MP: 0/0
     1 | D        | Noticed a necrophage
     1 | D        | Noticed a necrophage
     1 | D        | Noticed a necrophage
     1 | D        | Noticed a necrophage
     6 | D        | Killed a necrophage
     7 | D        | Reached skill level 5 in Unarmed Combat
     7 | D        | Reached XP level 2. HP: 32/32 MP: 1/1
     7 | D        | Reached XP level 3. HP: 39/39 MP: 2/2
     9 | D        | Killed a necrophage
    10 | D        | Reached skill level 5 in Fighting
    10 | D        | Reached skill level 5 in Dodging
    10 | D        | Reached skill level 6 in Unarmed Combat
    10 | D        | Reached XP level 4. HP: 50/50 MP: 3/3
    12 | D        | Killed a necrophage
    12 | D        | Reached ** piety under Trog
    13 | D        | Reached skill level 7 in Unarmed Combat
    13 | D        | Reached XP level 5. HP: 59/59 MP: 4/4
    19 | D        | Reached skill level 8 in Unarmed Combat
    67 | D        | Noticed a wyvern
    67 | D        | Noticed a wyvern
    72 | D        | Killed a wyvern
    73 | D        | Reached skill level 9 in Unarmed Combat
    73 | D        | Reached XP level 6. HP: 65/71 MP: 5/5
    73 | D        | Killed a wyvern
    74 | D        | Reached XP level 7. HP: 73/78 MP: 6/6
   106 | D        | Reached *** piety under Trog
   107 | D        | Reached skill level 10 in Unarmed Combat
   118 | D        | Reached skill level 11 in Unarmed Combat
   135 | D        | Noticed a boulder beetle
   135 | D        | Noticed a boulder beetle
   144 | D        | Killed a boulder beetle
   144 | D        | Reached **** piety under Trog
   145 | D        | Reached skill level 12 in Unarmed Combat
   145 | D        | Reached XP level 8. HP: 52/92 MP: 7/7
   150 | D        | Killed a boulder beetle
   151 | D        | Reached skill level 13 in Unarmed Combat
   161 | D        | Found Itosuj's Magic Scroll Emporium.
   163 | D        | Found Wavoloun's Antique Weapon Shoppe.
   164 | D        | Found Noat's Antique Weapon Emporium.
   165 | D        | Found Opnoirewn's Jewellery Shoppe.
   166 | D        | Found Hymmalov's Book Shoppe.
   166 | D        | Found Befuarpha's Distillery.
   167 | D        | Noticed a blink frog
   174 | D        | Found Joewy's Antique Armour Shoppe.
   174 | D        | Found Joneq's Antique Armour Emporium.
   175 | D        | Found Lumemp's Jewellery Shoppe.
   175 | D        | Found Zuzosex's Magic Scroll Emporium.
   175 | D        | Noticed a manticore
   176 | D        | Killed a blink frog
   177 | D        | Reached XP level 9. HP: 69/101 MP: 8/8
   177 | D        | Found Cuqe's Book Shoppe.
   179 | D        | Noticed Menkaure
   179 | D        | Noticed a manticore
   182 | D        | Killed Menkaure
   188 | D        | Found Juneemenaf's General Store.
   188 | D        | Noticed a manticore
   188 | D        | Noticed an oklob plant
   189 | D        | Found Vofyrghal's General Store.
   189 | D        | Found Umpo's Distillery.
   189 | D        | Found Surijoikk's Book Shoppe.
   191 | D        | Noticed a polar bear
   205 | D        | Noticed an iron elemental
   207 | D        | Noticed a polar bear
   208 | D        | Bought a ring of flight for 192 gold pieces
   223 | D        | Bought an amulet of regeneration for 300 gold pieces
   359 | D        | Reached ***** piety under Trog
   360 | D        | Reached skill level 10 in Fighting
   360 | D        | Reached skill level 14 in Unarmed Combat
   385 | D        | Reached skill level 10 in Dodging
   385 | D        | Reached skill level 1 in Stealth
   391 | D        | Reached skill level 15 in Unarmed Combat
   394 | D        | Received a gift from Trog
   417 | D        | Reached skill level 16 in Unarmed Combat
   417 | D        | Reached XP level 10. HP: 85/111 MP: 9/9
   478 | D        | Noticed Kirke
   478 | D        | Noticed a skeletal warrior
   479 | D        | Noticed an elephant
   479 | D        | Noticed a fire dragon
   480 | D        | Noticed a yaktaur captain
   509 | D        | Killed Kirke
   509 | D        | Reached ****** piety under Trog
   510 | D        | Reached skill level 17 in Unarmed Combat
   513 | D        | Killed a fire dragon
   513 | D        | Received a gift from Trog
   516 | D        | Killed a yaktaur captain
   517 | D        | Reached skill level 18 in Unarmed Combat
   522 | D        | Killed an elephant
   525 | D        | Killed a skeletal warrior
   572 | D        | Noticed a centaur warrior
   576 | D        | HP: 4/114 [centaur warrior/arrow (23)]
   577 | D        | Shot with an arrow by a centaur warrior

Illustrated notes

Levels and vault maps discovered:
D:        the_violet_keep_of_menkaure [sprint2_stairs_cluster_1,
          sprint2_shoproom, sprint2_temple, sprint2_basic_supplies,
          sprint2_obstacle_7, sprint2_obstacle_4, sprint2_obstacle_1,
          sprint2_obstacle_2, sprint2_obstacle_5, sprint2_timed_cluster_1,
          sprint2_smallroom_cluster_1, sprint2_smallroom_final_cluster_1,
          sprint2_transparent_cluster_1, sprint2_second_timed_cluster_1,
          sprint2_sniper_area_1, sprint2_heavy_combat_area_1,
          sprint2_mutation_trap_area_1, sprint2_forest_area_1,
          sprint2_light_combat_area_1, sprint2_behind_water_1,
          sprint2_near_end_vault_1]

Skill      XL: |  1  2  3  4  5  6  7  8  9 10 |
---------------+-------------------------------+-----
Fighting       | 4 5 7 9 10 11 | 11.5
Dodging        | 4 5 6 7 8 9 10 11 | 11.5
Unarmed Combat | 5 6 7 9 12 13 16 18 | 18.7
Stealth        | 1 |  1.8

Action                     |  1- 3 |  4- 6 |  7- 9 | 10-12 || total
---------------------------+-------+-------+-------+-------++-------
  Melee: Unarmed           |     6 |    12 |    57 |    30 ||   105
         Punch             |       |       |     4 |     5 ||     9
 Invoke: Berserk           |     1 |     1 |     1 |     1 ||     4
         Brothers in Arms  |       |       |       |     1 ||     1
    Use: Potion            |       |       |     1 |     2 ||     3
         Scroll            |       |       |     1 |       ||     1
 Armour: Animal skin       |       |     1 |    11 |     3 ||    15
  Dodge: Dodged            |     1 |     3 |    23 |    14 ||    41

Table legend: (Time is in decaauts)
 A = Elapsed time spent in this place.
 B = Non-inter-level travel time spent in this place.
 C = Inter-level travel time spent in this place.
 D = Time resting spent in this place.
 E = Time spent auto-exploring this place.
 F = Levels seen in this place.
 G = Mean time per level.
                   A        B        C        D        E       F      G
               +--------+--------+--------+--------+--------+-----+--------+
         Total |    598 |    597 |      1 |    239 |     37 |   1 |  598.0 |
       Dungeon |    598 |    597 |      1 |    239 |     37 |   1 |  598.0 |
               +--------+--------+--------+--------+--------+-----+--------+

Top non-repeatable levels by time:
       D: 598 daAuts
